 Dungeon Crawl Stone Soup version 0.32-a0-705-g60f233581c (webtiles) character file.

Game seed: 16906109419857752850

228 BeKind the Trooper (level 6, -4/43 HPs)
             Began as an Octopode Fighter on Mar 14, 2024.
             Killed by nerve-wracking pain
             ... invoked by an orc priest
              (13 damage)
             ... on level 4 of the Dungeon.
             The game lasted 00:03:46 (1867 turns).

BeKind the Trooper (Octopode Fighter)               Turns: 1867, Time: 00:03:47

Health: -4/43      AC:  1    Str: 16    XL:     6   Next: 2%
Magic:  6/6        EV: 13    Int: 10    God:
Gold:   66         SH:  4    Dex: 13    Spells: 5/5 levels left

rFire   . . .        a - +0 trident
rCold   . . .        b - +0 buckler
rNeg    . . .        (helmet restricted)
rPois   .            (no amulet)
rElec   .            (no ring)
rCorr   .            (no ring)
SInv    .            (no ring)
Will    .....        (no ring)
Stlth   +++          (no ring)
HPRegen 0.27/turn    (no ring)
MPRegen 0.10/turn    (no ring)
                     (no ring)

%: no passive effects
@: no status effects
A: almost no armour, amphibious, 8 rings, camouflage 1, gelatinous body 1,
nimble swimmer 1, tentacles
a: Convert to Beogh


You were on level 4 of the Dungeon.
You visited 1 branch of the dungeon, and saw 4 of its levels.

You collected 66 gold pieces.

Inventory:

Hand Weapons
 a - a +0 trident (weapon)
Armour
 b - a +0 buckler (worn)
Jewellery
 e - a +6 ring of strength
Scrolls
 g - 3 scrolls of revelation {unknown}
 h - a scroll of identify {unknown}
Potions
 c - a potion of might
 f - a potion of curing


   Skills:
 + Level 4.1 Fighting
 + Level 3.4 Polearms
 + Level 4.1 Dodging
 + Level 4.1 Shields


You had 5 spell levels left.
You didn't know any spells.
Your spell library contained the following spells:

 Spells                   Type           Power      Damage    Failure   Level
 Hailstorm                Conj/Ice       0%         3d5       82%         3
 Summon Ice Beast         Ice/Summ       0%         N/A       82%         3
 Permafrost Eruption      Ice/Erth       0%         2x4d2     100%        6
 Sculpt Simulacrum        Ice/Alch       0%         N/A       100%        6


Dungeon Overview and Level Annotations

Branches:
Dungeon (3/15)

Altars:
Kikubaaqudgha
Okawaru

Shops:
D:2 *


Innate Abilities, Weirdness & Mutations

You cannot wear most types of armour.
You are amphibious.
You can wear up to eight rings at the same time.
Your skin changes colour to match your surroundings (Stealth+).
Your rubbery body absorbs attacks. (AC +1, EV +1)
You are camouflaged when in or above water. (Stealth+)
You have tentacles for arms and can constrict up to eight enemies at once.


Message History

Reach: a) +0 trident
Press: ? - help, Dir - move target, f - orc priest, p - orc
Aim: an orc priest, wielding a +0 club and wearing a +0 leather armour (heavily wounded, about 41% to evade your +0 trident)
You reach to attack!
You barely miss the orc priest.
The orc priest is heavily wounded.
Reach: a) +0 trident
Press: ? - help, Dir - move target, f/p - orc priest
Aim: an orc priest, wielding a +0 club and wearing a +0 leather armour (heavily wounded, about 41% to evade your +0 trident)
You reach to attack!
You hit the orc priest.
The orc priest is almost dead.
The orc priest invokes the aid of Beogh against you.
Pain shoots through your body!
* * * LOW HITPOINT WARNING * * *
Reach: a) +0 trident
Press: ? - help, Dir - move target, f/p - orc priest
Aim: an orc priest, wielding a +0 club and wearing a +0 leather armour (almost dead, about 41% to evade your +0 trident)
You reach to attack!
You closely miss the orc priest.
The orc priest is almost dead.
The orc priest miscasts a cantrip.
Reach: a) +0 trident
Press: ? - help, Dir - move target, f/p - orc priest
Aim: an orc priest, wielding a +0 club and wearing a +0 leather armour (almost dead, about 41% to evade your +0 trident)
You reach to attack!
You hit the orc priest but do no damage.
The orc priest is almost dead.
Reach: a) +0 trident
Press: ? - help, Dir - move target, f/p - orc priest
Aim: an orc priest, wielding a +0 club and wearing a +0 leather armour (almost dead, about 41% to evade your +0 trident)
You reach to attack!
You hit the orc priest but do no damage.
The orc priest is almost dead.
Reach: a) +0 trident
Press: ? - help, Dir - move target, f/p - orc priest
Aim: an orc priest, wielding a +0 club and wearing a +0 leather armour (almost dead, about 41% to evade your +0 trident)
You reach to attack!
You hit the orc priest but do no damage.
The orc priest is almost dead.
The orc priest mumbles some strange prayers to Beogh against you.
Pain shoots through your body!
You die... ....o.....# ......###.### ......#.....### ##. ...$..#.......#######... #####................... ......~~~....##...##.. ######..~~~†roO~~..#........# #...######~~≈≈≈g~~....#.....<.
KKK

###≈@≈####...#....... ###
.#####.............. ###≈######
....................
###~≈≈≈)~~~###.....###)..........
#~~~~))†~#...#######......#......
#..~~~~~.##........#...#.##......
#...)..............)..##.#)....#
#....#.#......................##
#..######..........#.....##.#....


You could see an ogre, an orc priest, a quokka and a hobgoblin.

Vanquished Creatures
  2 bombardier beetles (D:3)
  Robin (D:2)
  3 gnolls (D:3)
  4 adders
  4 dart slugs
  3 orcs (D:4)
  5 ball pythons
  A bat (D:2)
  5 endoplasms
  4 giant cockroaches
  12 goblins
  11 hobgoblins
  2 jackals (D:3)
  A quokka (D:1)
  A frilled lizard (D:2)
  8 kobolds
  2 rats (D:1)
69 creatures vanquished.

Notes
Turn   | Place    | Note
-------+----------+-------------------------------------------
     0 | D:1      | BeKind the Octopode Fighter began the quest for the Orb.
     0 | D:1      | Reached XP level 1. HP: 16/16 MP: 1/1
   184 | D:1      | Found a faded altar of an unknown god.
   319 | D:1      | Reached XP level 2. HP: 21/21 MP: 2/2
   546 | D:1      | Reached XP level 3. HP: 26/26 MP: 3/3
   739 | D:2      | Found Roryege's General Store.
   772 | D:2      | Noticed Robin
  1023 | D:3      | Found an iron altar of Okawaru.
  1023 | D:3      | Found an ancient bone altar of Kikubaaqudgha.
  1046 | D:3      | Reached XP level 4. HP: 32/32 MP: 4/4
  1295 | D:3      | Reached XP level 5. HP: 37/37 MP: 5/5
  1671 | D:2      | Killed Robin
  1709 | D:2      | You fall into a shaft and drop 2 floors!
  1743 | D:4      | Noticed a kobold brigand
  1829 | D:4      | Noticed an ogre
  1845 | D:4      | Reached XP level 6. HP: 21/43 MP: 6/6
  1854 | D:4      | HP: 2/43 [orc priest/divine providence (13)]
  1867 | D:4      | Killed from afar by an orc priest

Illustrated notes

Levels and vault maps discovered:
D:1:      lightli_arrival_quake, layout_basic,
          shapermc_ecumenical_altar_totnotflames
D:2:      layout_basic, serial_shops, nicolae_shop_hallway_plus, uniq_robin
D:3:      layout_loops_cross, gammafunk_temple_overflow_elements, uniq_ijyb
D:4:      cheibrodos_thug_alley, layout_cave_pools, kennysheep_ying_yang,
          lemuel_tele_altar, nicolae_shop_sticking_my_neck_out, uniq_eustachio

Skill      XL: |  1  2  3  4  5 |
---------------+----------------+-----
Polearms       | 3 |  3.4
Dodging        | 4 |  4.1
Fighting       | 4 |  4.1
Shields        | 4 |  4.1

Action                     |  1- 3 |  4- 6 || total
---------------------------+-------+-------++-------
  Melee: Trident           |    62 |   103 ||   165
         Constrict         |    17 |    16 ||    33
         Tentacles         |     8 |    12 ||    20
    Use: Potion            |       |     2 ||     2
   Stab: Sleeping          |     7 |     3 ||    10
         Distracted        |       |     1 ||     1
 Armour: Skin              |    20 |    20 ||    40
  Dodge: Dodged            |    24 |    32 ||    56
  Block: Buckler           |     7 |    10 ||    17

Table legend: (Time is in decaauts)
 A = Elapsed time spent in this place.
 B = Non-inter-level travel time spent in this place.
 C = Inter-level travel time spent in this place.
 D = Time resting spent in this place.
 E = Time spent auto-exploring this place.
 F = Levels seen in this place.
 G = Mean time per level.
                   A        B        C        D        E       F      G
               +--------+--------+--------+--------+--------+-----+--------+
         Total |   1899 |   1881 |     18 |    179 |   1243 |   4 |  474.8 |
       Dungeon |   1899 |   1881 |     18 |    179 |   1243 |   4 |  474.8 |
               +--------+--------+--------+--------+--------+-----+--------+

Top non-repeatable levels by time:
     D:3: 653 daAuts
     D:1: 645 daAuts
     D:2: 432 daAuts
     D:4: 167 daAuts
